 Dungeon Sprint DCSS version 0.32-a0-22-g6ae6769602 (webtiles) character file.

Game seed: 1097327370104354364

46 fozzywoppz the Trooper (level 3, 0/45 HPs)
             Began as an Oni Berserker on Jan 18, 2024.
             Was a Believer of Trog.
             Slain by Crazy Yiuf
             ... wielding a +3 quarterstaff of chaos
              (12 damage)
             ... in the Dungeon (Sprint III: "The Ten Rune Challenge").
             The game lasted 00:01:10 (76 turns).

fozzywoppz the Trooper (Oni Berserker)                Turns: 76, Time: 00:01:10

Health: 0/45       AC:  3    Str: 21    XL:     3   Next: 68%
Magic:  3/3        EV: 10    Int:  8    God:    Trog [**....]
Gold:   0          SH:  0    Dex: 10    Spells: 2/2 levels left

rFire   . . .        a - +0 mace
rCold   . . .        (no shield)
rNeg    . . .        b - +0 animal skin
rPois   .            (helmet restricted)
rElec   .            (no cloak)
rCorr   .            (gloves unavailable)
SInv    .            (boots unavailable)
Will    .....        (no amulet)
Stlth   +            (no ring)
HPRegen 0.27/turn    (no ring)
MPRegen 0.08/turn

%: no teleportation
@: no status effects
A: large, unfitting armour, horns 1, tough skin 1, double potion healing,
drunken brawling
a: Renounce Religion, Berserk, Trog's Hand


You were in the Dungeon.
You worshipped Trog.
Trog was pleased with you.
You visited 1 branch

Inventory:

Hand Weapons
 a - a +0 mace (weapon)
Armour
 b - a +0 animal skin (worn)
Scrolls
 h - a scroll of blinking
Potions
 c - a potion of curing
 d - a potion of heal wounds
 e - a potion of haste
 f - 2 potions of magic
 g - a potion of berserk rage
 i - a potion of attraction {unknown}


   Skills:
 + Level 6.5 Fighting
 + Level 5.0 Maces & Flails
 + Level 4.4 Dodging


You had 2 spell levels left.
You didn't know any spells.
Your spell library was empty.

Dungeon Overview and Level Annotations

Branches:
Dungeon (1/1)

Altars:

Annotations:
D Crazy Yiuf


Innate Abilities, Weirdness & Mutations

You are too large for most types of armour.
You have a pair of small horns on your head.
You have tough skin. (AC +1)
You gain doubled healing and magic from potions.
Whenever you drink a healing potion, you attack all around you.


Message History

The human is heavily wounded.
The human hits you but does no damage. The human barely misses you.
You closely miss the human.
The human is heavily wounded.
The human barely misses you.
You closely miss the human. Your headbutt misses the human.
The human is heavily wounded.
The human barely misses you.
You barely miss the human.
The human is heavily wounded.
The human barely misses you.
You sock the human! Your headbutt misses the human.
The human is severely wounded.
The human barely misses you.
You closely miss the human.
The human is severely wounded.
The human closely misses you.
You hit the human.
The human is severely wounded.
The human barely misses you.
You sock the human!
You headbutt the human, but do no damage.
The human is almost dead.
The human hits you. The human hits you!
You thump the human!
You kill the human!
Trog accepts your kill.
Your Maces & Flails skill increases to level 5!
You hit Crazy Yiuf.
Crazy Yiuf is lightly wounded.
Crazy Yiuf closely misses you.
You barely miss Crazy Yiuf.
Crazy Yiuf is lightly wounded.
Crazy Yiuf hits you with a +3 quarterstaff of chaos!
Crazy Yiuf burns you.
* * * LOW HITPOINT WARNING * * *
You hit Crazy Yiuf but do no damage. Your headbutt misses Crazy Yiuf.
Crazy Yiuf is lightly wounded.
Crazy Yiuf hits you with a +3 quarterstaff of chaos!
You die...

▓..##.......# ..#
▓##.##.##...# ..#
##.##.###).# #..#
▓#.####.##..# ...+
▓.###..##..## #...#
▓#.....##†.###....#
###..##...##.....#
##..##....#g.....#
#..###..##@#.....#
#).# #..#####....#
▓▓▓▓ ▓▓▓▓ ▓▓▓▓▓


You could see Crazy Yiuf.

Vanquished Creatures
  Jessica (D)
  A human (D)
  An endoplasm (D)
  2 rats (D)
5 creatures vanquished.

Notes
Turn   | Place    | Note
-------+----------+-------------------------------------------
     0 | D        | fozzywoppz the Oni Berserker began the quest for the Orb.
     0 | D        | Reached XP level 1. HP: 24/24 MP: 1/1
    25 | D        | Noticed Jessica
    34 | D        | Killed Jessica
    34 | D        | Reached ** piety under Trog
    35 | D        | Reached skill level 5 in Fighting
    35 | D        | Reached XP level 2. HP: 34/36 MP: 2/2
    35 | D        | Reached XP level 3. HP: 41/44 MP: 3/3
    50 | D        | Reached skill level 6 in Fighting
    57 | D        | Noticed Crazy Yiuf
    74 | D        | Reached skill level 5 in Maces & Flails
    76 | D        | Slain by Crazy Yiuf

Illustrated notes

Levels and vault maps discovered:
D:        dungeon_sprint_mu [sprint_mu_entry_cave, sprint_mu_temple_rooms,
          sprint_mu_d1_horrors, sprint_mu_d2_genie, sprint_mu_d3_branching,
          sprint_mu_orc_legion, sprint_mu_elf_gauntlet, sprint_mu_hive_nellie,
          sprint_mu_lair_fedhas, sprint_mu_vaults_butterflies,
          sprint_mu_slime_circle, sprint_mu_shoals_kraken,
          sprint_mu_snake_twists, sprint_mu_blade_basic,
          sprint_mu_crypt_chambers, sprint_mu_tomb_spiral,
          sprint_mu_vestibule_basic, sprint_mu_gehenna_hellfire,
          sprint_mu_dis_giant, sprint_mu_tartarus_statrot,
          sprint_mu_cocytus_islands, sprint_mu_zot1]

Skill      XL: |  1  2  3 |
---------------+----------+-----
Dodging        | 4 |  4.4
Fighting       | 5 6 |  6.5
Maces & Flails | 4 5 |  5.0

Action                     || total
---------------------------++-------
  Melee: Mace              ||    25
         Headbutt          ||     2
 Armour: Animal skin       ||    12
  Dodge: Dodged            ||    18

Table legend: (Time is in decaauts)
 A = Elapsed time spent in this place.
 B = Non-inter-level travel time spent in this place.
 C = Inter-level travel time spent in this place.
 D = Time resting spent in this place.
 E = Time spent auto-exploring this place.
 F = Levels seen in this place.
 G = Mean time per level.
                   A        B        C        D        E       F      G
               +--------+--------+--------+--------+--------+-----+--------+
         Total |     80 |     80 |      0 |      0 |      0 |   1 |   80.0 |
       Dungeon |     80 |     80 |      0 |      0 |      0 |   1 |   80.0 |
               +--------+--------+--------+--------+--------+-----+--------+

Top non-repeatable levels by time:
       D: 80 daAuts
